PAAA
SALT LAKE CITY BUZZ @ NAPERVILLE BATTLEKINGS
08/05/2020
 
TOP OF THE 1ST
Salt Lake City Buzz batting - Pitching for Naperville Battlekings : RHP Raúl Areola
Pitching: RHP Raúl Areola
Batting: RHB Roberto Ríos 0-0: Ball
1-0: Ball
2-0: Ground out 5-3 (Groundball, 56)
Batting: RHB Clint Anthony 0-0: Ball
1-0: Foul Ball, location: 2F
1-1: DOUBLE (Flyball, 89D)
Batting: SHB Raymond Bright 0-0: Fly out, F5 (Popup, 15)
Batting: LHB Martín Núñes 0-0: Ball
1-0: Foul Ball, location: 2F
1-1: Called Strike
1-2: Strikes out swinging
Top of the 1st over - 0 run(s), 1 hit(s), 0 error(s), 1 left on base; Salt Lake City 0 - Naperville 0
BOTTOM OF THE 1ST
Naperville Battlekings batting - Pitching for Salt Lake City Buzz : LHP Jim Unknown
Pitching: LHP Jim Unknown
Batting: RHB Tony Sánchez 0-0: Ball
1-0: Swinging Strike
1-1: Foul Ball, location: 2F
1-2: Ball
2-2: Ball
3-2: Strikes out swinging
Batting: LHB Vicente Martínez 0-0: Ball
1-0: Called Strike
1-1: Ball
2-1: Ball
3-1: Called Strike
3-2: Base on Balls
Batting: LHB Jack Mason 0-0: Called Strike
0-1: Swinging Strike
0-2: Strikes out swinging
Batting: RHB Carlos Gómez 0-0: Called Strike
0-1: Ball
1-1: Fly out, F9 (Flyball, 89S)
Bottom of the 1st over - 0 run(s), 0 hit(s), 0 error(s), 1 left on base; Salt Lake City 0 - Naperville 0
TOP OF THE 2ND
Salt Lake City Buzz batting - Pitching for Naperville Battlekings : RHP Raúl Areola
Batting: LHB Frank Bass 0-0: Ball
1-0: Ball
2-0: Ball
3-0: Called Strike
3-1: Base on Balls
Batting: RHB Jim Coffey 0-0: Foul Ball, location: 2F
0-1: Ball
1-1: Ball
2-1: Called Strike
2-2: Strikes out swinging
Batting: RHB Larry Brown 0-0: Foul Ball, location: 2F
0-1: Swinging Strike
0-2: Foul Ball, location: 2F
0-2: Ball
1-2: Foul Ball, location: 2F
1-2: Strikes out swinging
Batting: RHB Patrick Clark 0-0: Ball
1-0: Called Strike
1-1: Foul Ball, location: 2F
1-2: DOUBLE (Line Drive, 7LM)
Frank Bass to third
Runner from 3rd tries for Home, SAFE, no throw or cutoff
Batting: SHB Shelby Reusch 0-0: Fly out, F9 (Flyball, 9LM)
Top of the 2nd over - 1 run(s), 1 hit(s), 0 error(s), 1 left on base; Salt Lake City 1 - Naperville 0
BOTTOM OF THE 2ND
Naperville Battlekings batting - Pitching for Salt Lake City Buzz : LHP Jim Unknown
Batting: SHB Avery Little 0-0: Foul Ball, location: 2F
0-1: Foul Ball, location: 2F
0-2: Ball
1-2: Ball
2-2: Strikes out swinging
Batting: LHB Jim Unknown 0-0: Ball
1-0: DOUBLE (Groundball, 3L)
Batting: LHB Mal Cobb 0-0: Ball
1-0: Swinging Strike
1-1: Foul Ball, location: 2F
1-2: SINGLE (Flyball, 7LS)
Jim Unknown to third
Batting: RHB Sal Haynes 0-0: Ball
1-0: Fielders Choice at 2nd, 1-6 (Groundball, 25)
Batting: RHB Otso Tuulari 0-0: Foul Ball, location: 2F
0-1: Ground out 6-3 (Groundball, 6)
Bottom of the 2nd over - 0 run(s), 2 hit(s), 0 error(s), 2 left on base; Salt Lake City 1 - Naperville 0
TOP OF THE 3RD
Salt Lake City Buzz batting - Pitching for Naperville Battlekings : RHP Raúl Areola
Batting: RHB Roberto Ríos 0-0: Called Strike
0-1: Ball
1-1: Fly out, F2 (Popup, 2LF)
Batting: RHB Clint Anthony 0-0: Ball
1-0: Swinging Strike
1-1: Swinging Strike
1-2: Foul Ball, location: 2F
1-2: Ball
2-2: Ball
3-2: Base on Balls
Batting: SHB Raymond Bright 0-0: Swinging Strike
0-1: Fielders Choice at 2nd, 4-6 (Groundball, 4)
Batting: LHB Martín Núñes 0-0: Swinging Strike
0-1: Called Strike
0-2: Ball
1-2: Ball
2-2: Foul Ball, location: 2F
2-2: Fly out, F8 (Flyball, 8LM)
Top of the 3rd over - 0 run(s), 0 hit(s), 0 error(s), 1 left on base; Salt Lake City 1 - Naperville 0
BOTTOM OF THE 3RD
Naperville Battlekings batting - Pitching for Salt Lake City Buzz : LHP Jim Unknown
Batting: RHB Tony Sánchez 0-0: Called Strike
0-1: Ball
1-1: Ball
2-1: Called Strike
2-2: Foul Ball, location: 2F
2-2: Fly out, F7 (Line Drive, 7M)
Batting: LHB Vicente Martínez 0-0: Foul Ball, location: 2F
0-1: Ball
1-1: Swinging Strike
1-2: Ground out 4-3 (Groundball, 4)
Batting: LHB Jack Mason 0-0: Called Strike
0-1: Ball
1-1: Foul Ball, location: 2F
1-2: Ground out 4-3 (Groundball, 4M)
Bottom of the 3rd over - 0 run(s), 0 hit(s), 0 error(s), 0 left on base; Salt Lake City 1 - Naperville 0
TOP OF THE 4TH
Salt Lake City Buzz batting - Pitching for Naperville Battlekings : RHP Raúl Areola
Batting: LHB Frank Bass 0-0: Ball
1-0: Called Strike
1-1: Swinging Strike
1-2: Ball
2-2: Ball
3-2: Strikes out looking
Batting: RHB Jim Coffey 0-0: Ball
1-0: Fly out, F3 (Popup, 34S)
Batting: RHB Larry Brown 0-0: Ball
1-0: Fly out, F7 (Line Drive, 7M)
Top of the 4th over - 0 run(s), 0 hit(s), 0 error(s), 0 left on base; Salt Lake City 1 - Naperville 0
BOTTOM OF THE 4TH
Naperville Battlekings batting - Pitching for Salt Lake City Buzz : LHP Jim Unknown
Batting: RHB Carlos Gómez 0-0: SOLO HOME RUN (Flyball, 7D), Distance : 367 ft
Batting: SHB Avery Little 0-0: Ball
1-0: SINGLE (Groundball, 4MD)
Batting: LHB Jim Unknown 0-0: Called Strike
0-1: Ball
1-1: Ball
2-1: Called Strike
2-2: Ball
3-2: Foul Ball, location: 2F
3-2: Grounds into double play, 5-4-3 (Groundball, 5)
Batting: LHB Mal Cobb 0-0: Foul Ball, location: 2F
0-1: Ball
1-1: Foul Ball, location: 2F
1-2: Ball
2-2: Fly out, F8 (Flyball, 8RS)
Bottom of the 4th over - 1 run(s), 2 hit(s), 0 error(s), 0 left on base; Salt Lake City 1 - Naperville 1
TOP OF THE 5TH
Salt Lake City Buzz batting - Pitching for Naperville Battlekings : RHP Raúl Areola
Batting: RHB Patrick Clark 0-0: Called Strike
0-1: Foul Ball, location: 2F
0-2: Ball
1-2: Ball
2-2: Foul Ball, location: 2F
2-2: Foul Ball, location: 2F
2-2: DOUBLE (Line Drive, 89D)
Batting: SHB Shelby Reusch 0-0: Ball
1-0: SINGLE (Groundball, 34)
Patrick Clark to third
Batting: RHB Roberto Ríos 0-0: Ball
1-0: Ball
2-0: Foul Ball, location: 2F
2-1: Fly out, F8 (Flyball, 78M)
Runner from 3rd tags up, SCORES, throw made
Batting: RHB Clint Anthony 0-0: Ball
1-0: Foul Ball, location: 2F
1-1: Ball
2-1: Reached on error, E1 (Groundball, 13S)
Shelby Reusch to second
Batting: SHB Raymond Bright 0-0: Called Strike
Shelby Reusch steals 3rd base
Clint Anthony to second
0-1: Ball
1-1: Ball
2-1: Fly out, F6 (Popup, 5D)
Batting: LHB Martín Núñes 0-0: Swinging Strike
0-1: Foul Ball, location: 2F
0-2: Ball
1-2: Strikes out swinging
Top of the 5th over - 1 run(s), 2 hit(s), 1 error(s), 2 left on base; Salt Lake City 2 - Naperville 1
BOTTOM OF THE 5TH
Naperville Battlekings batting - Pitching for Salt Lake City Buzz : LHP Jim Unknown
Batting: RHB Sal Haynes 0-0: Called Strike
0-1: Called Strike
0-2: Ball
1-2: Strikes out looking
Batting: RHB Otso Tuulari 0-0: Fly out, F3 (Popup, 3SF)
Batting: RHB Tony Sánchez 0-0: Ball
1-0: Ball
2-0: Called Strike
2-1: Ground out 1-3 (Groundball, 15)
Bottom of the 5th over - 0 run(s), 0 hit(s), 0 error(s), 0 left on base; Salt Lake City 2 - Naperville 1
TOP OF THE 6TH
Salt Lake City Buzz batting - Pitching for Naperville Battlekings : RHP Raúl Areola
Batting: LHB Frank Bass 0-0: Called Strike
0-1: Swinging Strike
0-2: Strikes out swinging
Batting: RHB Jim Coffey 0-0: Fly out, F8 (Line Drive, 8RXD)
Batting: RHB Larry Brown 0-0: Called Strike
0-1: Foul Ball, location: 2F
0-2: Ball
1-2: Ball
2-2: Strikes out swinging
Top of the 6th over - 0 run(s), 0 hit(s), 0 error(s), 0 left on base; Salt Lake City 2 - Naperville 1
BOTTOM OF THE 6TH
Naperville Battlekings batting - Pitching for Salt Lake City Buzz : LHP Jim Unknown
Batting: LHB Vicente Martínez 0-0: Ball
1-0: Ball
2-0: Ball
3-0: Called Strike
3-1: Foul Ball, location: 2F
3-2: Foul Ball, location: 2F
3-2: Foul Ball, location: 2F
3-2: Ground out 4-3 (Groundball, 34)
Batting: LHB Jack Mason 0-0: Ball
1-0: Fly out, F7 (Flyball, 78M)
Batting: RHB Carlos Gómez 0-0: Ball
1-0: Ball
2-0: Called Strike
2-1: Foul Ball, location: 2F
2-2: Foul Ball, location: 2F
2-2: Ball
3-2: Foul Ball, location: 2F
3-2: Ground out 6-3 (Groundball, 6M)
Bottom of the 6th over - 0 run(s), 0 hit(s), 0 error(s), 0 left on base; Salt Lake City 2 - Naperville 1
TOP OF THE 7TH
Salt Lake City Buzz batting - Pitching for Naperville Battlekings : RHP Raúl Areola
Batting: RHB Patrick Clark 0-0: SINGLE (Flyball, 89M)
Batting: SHB Shelby Reusch 0-0: Reached on error, E1 (Groundball, 15)
Patrick Clark to second
Pinch Hitting: LHB Fernando González 0-0: Bunted foul
0-1: Sac Bunt - play at third, runner OUT! 1-6
Shelby Reusch to second
Batting: RHB Clint Anthony 0-0: Called Strike
0-1: Grounds into double play, 1-6-3 (Groundball, 13)
Top of the 7th over - 0 run(s), 1 hit(s), 1 error(s), 1 left on base; Salt Lake City 2 - Naperville 1
BOTTOM OF THE 7TH
Naperville Battlekings batting - Pitching for Salt Lake City Buzz : LHP Jim Unknown
Now in CF: Ichiyo Fujii
Batting: SHB Avery Little 0-0: Called Strike
0-1: Ground out 6-3 (Groundball, 6)
Batting: LHB Jim Unknown 0-0: Fly out, F9 (Flyball, 89M)
Batting: LHB Mal Cobb 0-0: Ball
1-0: Foul Ball, location: 2F
1-1: Foul Ball, location: 2F
1-2: Ball
2-2: Strikes out looking
Bottom of the 7th over - 0 run(s), 0 hit(s), 0 error(s), 0 left on base; Salt Lake City 2 - Naperville 1
TOP OF THE 8TH
Salt Lake City Buzz batting - Pitching for Naperville Battlekings : RHP Raúl Areola
Batting: SHB Raymond Bright 0-0: Fly out, F7 (Flyball, 7M)
Batting: LHB Martín Núñes 0-0: Ball
1-0: Swinging Strike
1-1: Foul Ball, location: 2F
1-2: Ground out 3-1 (Groundball, 34)
Batting: LHB Frank Bass 0-0: Fly out, F8 (Flyball, 8LXD)
Top of the 8th over - 0 run(s), 0 hit(s), 0 error(s), 0 left on base; Salt Lake City 2 - Naperville 1
BOTTOM OF THE 8TH
Naperville Battlekings batting - Pitching for Salt Lake City Buzz : LHP Jim Unknown
Batting: RHB Sal Haynes 0-0: Foul Ball, location: 2F
0-1: Fly out, F9 (Flyball, 9M)
Batting: RHB Otso Tuulari 0-0: Ball
1-0: Ball
2-0: SINGLE (Groundball, 56D)
Batting: RHB Tony Sánchez 0-0: Ball
1-0: Sac Bunt - play at first, batter OUT! 4-3
Otso Tuulari to second
Batting: LHB Vicente Martínez 0-0: Ball
1-0: Called Strike
1-1: Ball
2-1: Ball
3-1: Foul Ball, location: 2F
3-2: SINGLE (Flyball, 4MD)
Otso Tuulari to third
Otso Tuulari scores
Pitching: RHP Barry Jones
Batting: LHB Jack Mason 0-0: Called Strike
0-1: Ball
1-1: Ball
2-1: Ball
3-1: Swinging Strike
3-2: Base on Balls
Vicente Martínez to second
Batting: RHB Carlos Gómez 0-0: Ball
1-0: Ground out 5-3 (Groundball, 5)
Bottom of the 8th over - 1 run(s), 2 hit(s), 0 error(s), 2 left on base; Salt Lake City 2 - Naperville 2
TOP OF THE 9TH
Salt Lake City Buzz batting - Pitching for Naperville Battlekings : RHP Raúl Areola
Pitching: RHP Ramón Elizondo
Batting: RHB Jim Coffey 0-0: Called Strike
0-1: Ball
1-1: Ball
2-1: Ball
3-1: Swinging Strike
3-2: Foul Ball, location: 2F
3-2: Fly out, F8 (Flyball, 8LM)
Pinch Hitting: RHB Don MacNeilage 0-0: Ground out 6-3 (Groundball, 6)
Batting: RHB Patrick Clark 0-0: Ball
1-0: Ball
2-0: Ball
3-0: Called Strike
3-1: Called Strike
3-2: Base on Balls
Pinch Runner at 1st Bernardo Cruz:
Batting: SHB Shelby Reusch 0-0: Called Strike
0-1: Ball
1-1: Ball
2-1: Ball
3-1: Fielders Choice at 2nd, U4 (Groundball, 4M)
Top of the 9th over - 0 run(s), 0 hit(s), 0 error(s), 1 left on base; Salt Lake City 2 - Naperville 2
BOTTOM OF THE 9TH
Naperville Battlekings batting - Pitching for Salt Lake City Buzz : RHP Barry Jones
Pitching: RHP Jim Unknown
Now at 3B: Don MacNeilage
Pinch Hitting: LHB Cristo Ramírez 0-0: Foul Ball, location: 2F
0-1: Ball
1-1: Ball
2-1: Fly out, F9 (Line Drive, 89S)
Batting: LHB Jim Unknown 0-0: Fly out, F8 (Flyball, 78D)
Pinch Hitting: RHB Wayne Bannatyne 0-0: Called Strike
0-1: Ground out 3-1 (Groundball, 34S)
Bottom of the 9th over - 0 run(s), 0 hit(s), 0 error(s), 0 left on base; Salt Lake City 2 - Naperville 2
TOP OF THE 10TH
Salt Lake City Buzz batting - Pitching for Naperville Battlekings : RHP Ramón Elizondo
Now in LF: Cristo Ramírez
Now in CF: Jim Unknown
Batting: RHB Ichiyo Fujii 0-0: Ball
1-0: Ball
2-0: Called Strike
2-1: Foul Ball, location: 2F
2-2: Ball
3-2: Foul Ball, location: 2F
3-2: Foul Ball, location: 2F
3-2: Foul Ball, location: 2F
3-2: SINGLE (Line Drive, 4MD)
Batting: RHB Clint Anthony 0-0: Ball
1-0: Ball
2-0: Bunted foul
2-1: Ball
3-1: Sac Bunt - play at first, batter OUT! 5-4
Ichiyo Fujii to second
Batting: SHB Raymond Bright 0-0: Foul Ball, location: 2F
0-1: Swinging Strike
0-2: Ball
1-2: Ball
2-2: Strikes out swinging
Batting: LHB Martín Núñes 0-0: Called Strike
0-1: Fly out, F7 (Line Drive, 8LS)
Top of the 10th over - 0 run(s), 1 hit(s), 0 error(s), 1 left on base; Salt Lake City 2 - Naperville 2
BOTTOM OF THE 10TH
Naperville Battlekings batting - Pitching for Salt Lake City Buzz : RHP Jim Unknown
Batting: RHB Sal Haynes 0-0: Ball
1-0: Ball
2-0: Called Strike
2-1: Fly out, F9 (Flyball, 89S)
Batting: RHB Otso Tuulari 0-0: Ball
1-0: Ball
2-0: Called Strike
2-1: Foul Ball, location: 2F
2-2: Ground out 1-3 (Groundball, 13S)
Batting: RHB Tony Sánchez 0-0: Called Strike
0-1: Ball
1-1: Ball
2-1: Foul Ball, location: 2F
2-2: Strikes out swinging
Bottom of the 10th over - 0 run(s), 0 hit(s), 0 error(s), 0 left on base; Salt Lake City 2 - Naperville 2
TOP OF THE 11TH
Salt Lake City Buzz batting - Pitching for Naperville Battlekings : RHP Ramón Elizondo
Pitching: RHP Colt Harris
Batting: LHB Frank Bass 0-0: Ball
1-0: SINGLE (Groundball, 5D)
Batting: RHB Jim Coffey 0-0: Called Strike
0-1: Foul Ball, location: 2F
0-2: Strikes out looking
Batting: RHB Don MacNeilage 0-0: Grounds into double play, 6-4-3 (Groundball, 6)
Top of the 11th over - 0 run(s), 1 hit(s), 0 error(s), 0 left on base; Salt Lake City 2 - Naperville 2
BOTTOM OF THE 11TH
Naperville Battlekings batting - Pitching for Salt Lake City Buzz : RHP Jim Unknown
Pitching: RHP Javier Díaz
Batting: LHB Vicente Martínez 0-0: Ground out 4-3 (Groundball, 4)
Batting: LHB Jack Mason 0-0: Ball
1-0: Ball
2-0: Ball
3-0: Called Strike
3-1: Base on Balls
Batting: RHB Carlos Gómez 0-0: Ball
1-0: Swinging Strike
1-1: Swinging Strike
1-2: Strikes out swinging
Batting: LHB Cristo Ramírez 0-0: Swinging Strike
0-1: Called Strike
0-2: Strikes out looking
Bottom of the 11th over - 0 run(s), 0 hit(s), 0 error(s), 1 left on base; Salt Lake City 2 - Naperville 2
TOP OF THE 12TH
Salt Lake City Buzz batting - Pitching for Naperville Battlekings : RHP Colt Harris
Batting: RHB Bernardo Cruz 0-0: Called Strike
0-1: Swinging Strike
0-2: Foul Ball, location: 2F
0-2: Strikes out swinging
Batting: SHB Shelby Reusch 0-0: Swinging Strike
0-1: Swinging Strike
0-2: Ball
1-2: Ball
2-2: Foul Ball, location: 2F
2-2: Ground out 3-1 (Groundball, 34)
Batting: RHB Ichiyo Fujii 0-0: Ball
1-0: Foul Ball, location: 2F
1-1: Ball
2-1: Ball
3-1: Called Strike
3-2: Foul Ball, location: 2F
3-2: Foul Ball, location: 2F
3-2: Foul Ball, location: 2F
3-2: Foul Ball, location: 2F
3-2: Base on Balls
Batting: RHB Clint Anthony 0-0: Ball
1-0: Called Strike
1-1: Ball
2-1: Ball
3-1: Base on Balls
Ichiyo Fujii to second
Batting: SHB Raymond Bright 0-0: Called Strike
0-1: Ball
1-1: Ball
2-1: Called Strike
2-2: Foul Ball, location: 2F
2-2: Ball
3-2: Strikes out looking
Top of the 12th over - 0 run(s), 0 hit(s), 0 error(s), 2 left on base; Salt Lake City 2 - Naperville 2
BOTTOM OF THE 12TH
Naperville Battlekings batting - Pitching for Salt Lake City Buzz : RHP Javier Díaz
Batting: LHB Jim Unknown 0-0: Ball
1-0: SINGLE (Groundball, 34D)
Batting: LHB Jim Unknown 0-0: Called Strike
0-1: Foul Ball, location: 2F
0-2: Fly out, F4 (Popup, 4MD)
Batting: RHB Sal Haynes 0-0: Called Strike
0-1: Ball
1-1: Foul Ball, location: 2F
1-2: SINGLE (Line Drive, 56)
Jim Unknown to second
Batting: RHB Otso Tuulari 0-0: Ball
1-0: Fly out, F8 (Popup, 8LS)
Batting: RHB Tony Sánchez 0-0: Swinging Strike
0-1: Ball
1-1: Ball
2-1: Ball
3-1: Called Strike
3-2: Base on Balls
Jim Unknown to third
Sal Haynes to second
Batting: LHB Vicente Martínez 0-0: Ball
1-0: Ball
2-0: Called Strike
2-1: Called Strike
2-2: Fly out, F6 (Popup, 6D)
Bottom of the 12th over - 0 run(s), 2 hit(s), 0 error(s), 3 left on base; Salt Lake City 2 - Naperville 2
TOP OF THE 13TH
Salt Lake City Buzz batting - Pitching for Naperville Battlekings : RHP Colt Harris
Batting: LHB Martín Núñes 0-0: Ball
1-0: Ball
2-0: Fly out, F3 (Line Drive, 3)
Batting: LHB Frank Bass 0-0: Ball
1-0: Called Strike
1-1: Ball
2-1: Called Strike
2-2: SINGLE (Line Drive, 34)
Batting: RHB Jim Coffey 0-0: Foul Ball, location: 2F
0-1: Ball
1-1: Foul Ball, location: 2F
1-2: SINGLE (Groundball, 5D)
Frank Bass to second
Batting: RHB Don MacNeilage 0-0: Called Strike
0-1: Swinging Strike
0-2: Fielders Choice at 2nd, 5-4 (Groundball, 56)
Frank Bass to third
Pitching: RHP Carl O'Malloy
Batting: RHB Bernardo Cruz 0-0: Swinging Strike
0-1: Ball
1-1: Foul Ball, location: 2F
1-2: Strikes out swinging
Top of the 13th over - 0 run(s), 2 hit(s), 0 error(s), 2 left on base; Salt Lake City 2 - Naperville 2
BOTTOM OF THE 13TH
Naperville Battlekings batting - Pitching for Salt Lake City Buzz : RHP Javier Díaz
Batting: LHB Jack Mason 0-0: Foul Ball, location: 2F
0-1: Ball
1-1: Fly out, F6 (Popup, 56D)
Batting: RHB Carlos Gómez 0-0: Ball
1-0: Ball
2-0: Ball
3-0: Called Strike
3-1: Reached on error, E6 (Groundball, 6)
Batting: LHB Cristo Ramírez 0-0: 2-RUN HOME RUN (Flyball, 89XD), Distance : 392 ft
This league is powered by Out of the Park Baseball, the baseball management simulation game for PC, Mac and Linux
Friday, October 23rd, 2015 - OOTP Baseball 16.9 Build 39